 Dungeon Sprint DCSS version 0.24-a0-530-g18ba70b5 (webtiles) character file.

Game seed: 7562164545630498913

25 silentkaos13 the Ducker (level 3, -12/35 HPs)
             Began as a Gnoll Monk on Aug 7, 2019.
             Mangled by an ogre
             ... wielding a +0 giant spiked club
              (21 damage)
             ... in the Dungeon (Sprint I: "Red Sonja").
             The game lasted 00:00:20 (144 turns).

silentkaos13 the Ducker (Gnoll Monk)                 Turns: 144, Time: 00:00:21

Health: -12/35     AC:  3    Str: 14    XL:     3   Next: 4%
Magic:  5/5        EV: 16    Int: 12    God:
Gold:   0          SH:  0    Dex: 17    Spells: 5/5 levels left

rFire    . . .     SeeInvis .   a - +0 mace
rCold    . . .     Gourm    .   (no shield)
rNeg     . . .     Faith    .   j - +0 leather armour
rPois    .         Spirit   .   (no helmet)
rElec    .         Reflect  .   (no cloak)
rCorr    .         Harm     .   (no gloves)
MR       .....     NoTele   +   (no boots)
Stlth    +++.......             (no amulet)
HPRegen  0.11/turn              (no ring)
MPRegen  0.09/turn              (no ring)

@: no status effects
A: distributed training, fangs 1, strong nose
a: no special abilities


You were in the Dungeon.
You were not hungry.

You visited 1 branch

Inventory:

Hand Weapons
 a - a +0 mace (weapon)
Armour
 b - a +0 robe
 j - a +0 leather armour (worn)
Scrolls
 i - a scroll of blinking
Potions
 d - a potion of curing
 e - a potion of heal wounds
 f - a potion of haste
 g - 2 potions of magic
 h - a potion of berserk rage
Comestibles
 c - a ration


   Skills:
 + Level 6.7 Fighting
 + Level 1.7 Short Blades
 + Level 1.7 Long Blades
 + Level 1.7 Axes
 + Level 6.7 Maces & Flails
 + Level 1.7 Polearms
 + Level 1.7 Staves
 + Level 1.7 Slings
 + Level 1.7 Bows
 + Level 1.7 Crossbows
 + Level 1.7 Throwing
 + Level 1.7 Armour
 + Level 6.7 Dodging
 + Level 4.5 Stealth
 + Level 1.7 Shields
 + Level 1.7 Unarmed Combat
 + Level 1.7 Spellcasting
 + Level 1.3 Conjurations
 + Level 1.3 Hexes
 + Level 1.3 Charms
 + Level 1.3 Summonings
 + Level 1.3 Necromancy
 + Level 1.3 Translocations
 + Level 1.3 Transmutations
 + Level 1.3 Fire Magic
 + Level 1.3 Ice Magic
 + Level 1.3 Air Magic
 + Level 1.3 Earth Magic
 + Level 1.3 Poison Magic
 + Level 1.9 Invocations
 + Level 1.7 Evocations


You had 5 spell levels left.
You didn't know any spells.
Your spell library was empty.

Dungeon Overview and Level Annotations

Branches:
Dungeon (1/1)

Altars:


Innate Abilities, Weirdness & Mutations

Your experience applies equally to all skills.
You have very sharp teeth.
Your uncanny sense of smell can sniff out nearby items.


Message History

The ogre completely misses you.
There is an open door here.
You hit the ogre.
The ogre is moderately wounded.
The ogre closely misses you.
You hit the ogre.
The ogre is moderately wounded.
You hit the ogre.
The ogre is heavily wounded.
The ogre hits you with a +0 giant spiked club!!
Ouch! That really hurt!
* * * LOW HITPOINT WARNING * * *
You thump the ogre!
The ogre is severely wounded.
The ogre completely misses you.
You hit the ogre.
The ogre is severely wounded.
The ogre hits you with a +0 giant spiked club!!
Ouch! That really hurt!
You die...

##########
#<.#..@O.#
∆
#..'..#..+
∆
#..#####+#
#..# ∆∆
∆∆∆ #..#
∆∆ #..#
#⌠⌠# ####
∆∆


You could see an ogre.

Vanquished Creatures
  Ijyb (D)
1 creature vanquished.

Notes
Turn   | Place    | Note
-------+----------+-------------------------------------------
     0 | D        | silentkaos13 the Gnoll Monk began the quest for the Orb.
     0 | D        | Reached XP level 1. HP: 23/23 MP: 1/1
     1 | D        | Noticed Ijyb
    21 | D        | Killed Ijyb
    21 | D        | Reached skill level 1 in Short Blades
    21 | D        | Reached skill level 1 in Long Blades
    21 | D        | Reached skill level 1 in Axes
    21 | D        | Reached skill level 1 in Polearms
    21 | D        | Reached skill level 1 in Staves
    21 | D        | Reached skill level 1 in Slings
    21 | D        | Reached skill level 1 in Bows
    21 | D        | Reached skill level 1 in Crossbows
    21 | D        | Reached skill level 1 in Throwing
    21 | D        | Reached skill level 1 in Armour
    21 | D        | Reached skill level 1 in Shields
    21 | D        | Reached skill level 1 in Unarmed Combat
    21 | D        | Reached skill level 1 in Spellcasting
    21 | D        | Reached skill level 1 in Conjurations
    21 | D        | Reached skill level 1 in Hexes
    21 | D        | Reached skill level 1 in Charms
    21 | D        | Reached skill level 1 in Summonings
    21 | D        | Reached skill level 1 in Necromancy
    21 | D        | Reached skill level 1 in Translocations
    21 | D        | Reached skill level 1 in Transmutations
    21 | D        | Reached skill level 1 in Fire Magic
    21 | D        | Reached skill level 1 in Ice Magic
    21 | D        | Reached skill level 1 in Air Magic
    21 | D        | Reached skill level 1 in Earth Magic
    21 | D        | Reached skill level 1 in Poison Magic
    21 | D        | Reached skill level 1 in Invocations
    21 | D        | Reached skill level 1 in Evocations
    21 | D        | Reached XP level 2. HP: 18/29 MP: 1/4
    21 | D        | Reached XP level 3. HP: 22/35 MP: 1/5
   138 | D        | Noticed an ogre
   144 | D        | Mangled by an ogre

Levels and vault maps discovered:
D:        dungeon_sprint_1 [red_sonja_temple_1, red_sonja_temple_small_1]

Skill      XL: |  1 |
---------------+----+-----
Short Blades   | 1 |  1.7
Long Blades    | 1 |  1.7
Axes           | 1 |  1.7
Polearms       | 1 |  1.7
Staves         | 1 |  1.7
Slings         | 1 |  1.7
Bows           | 1 |  1.7
Crossbows      | 1 |  1.7
Throwing       | 1 |  1.7
Armour         | 1 |  1.7
Shields        | 1 |  1.7
Unarmed Combat | 1 |  1.7
Spellcasting   | 1 |  1.7
Conjurations   | 1 |  1.3
Hexes          | 1 |  1.3
Charms         | 1 |  1.3
Summonings     | 1 |  1.3
Necromancy     | 1 |  1.3
Translocations | 1 |  1.3
Transmutations | 1 |  1.3
Fire Magic     | 1 |  1.3
Ice Magic      | 1 |  1.3
Air Magic      | 1 |  1.3
Earth Magic    | 1 |  1.3
Poison Magic   | 1 |  1.3
Invocations    | 1 |  1.9
Evocations     | 1 |  1.7
Fighting       | |  6.7
Maces & Flails | |  6.7
Dodging        | |  6.7
Stealth        | |  4.5

Action                   || total
-------------------------++-------
Melee: Mace              ||    23
       Bite              ||     2
 Stab: Sleeping          ||     1
Armor: Robe              ||     1
Dodge: Dodged            ||    15

Table legend:
 A = Non-vault XP
 B = Vault XP
 C = Vault XP percentage of total XP
 D = Non-vault monster count
 E = Vault monster count
 F = Vault count percentage of total count
                 A         B        C        D         E       F
            +---------+---------+-------+---------+---------+-------
      Total |       0 |      36 | 100.0 |       0 |       1 | 100.0
            +---------+---------+-------+---------+---------+-------
          D |       0 |      36 | 100.0 |       0 |       1 | 100.0
            +---------+---------+-------+---------+---------+-------
